 Dungeon Crawl Stone Soup version 0.31-a0-145-g046c7d2549 (webtiles) character file.

Game seed: 11474912845264211807

76810 nicolae the Marksspriggan (level 15, -2/80 HPs)
             Began as a Spriggan Hunter on June 6, 2023.
             Was the Champion of Okawaru.
             Constricted to death by Jorgrun (17 damage)
             ... on level 14 of the Dungeon.
             The game lasted 01:04:42 (22742 turns).

nicolae the Marksspriggan (Spriggan Hunter)        Turns: 22742, Time: 01:04:43

Health: -2/80      AC:  6    Str:  9    XL:     15   Next: 13%
Magic:  22/22      EV: 33    Int: 12    God:    Okawaru [******]
Gold:   503        SH:  0    Dex: 25    Spells: 9/14 levels left

rFire   + + .        S - +2 orcbow (flame)
rCold   . . .        (shield currently unavailable)
rNeg    . . .        H - +2 robe {rF+}
rPois   .            L - +2 hat {Stlth+}
rElec   .            s - scarf of the Iron City of Dis {repulsion, Str+2}
rCorr   .            (gloves unavailable)
SInv    +            (boots unavailable)
Will    ++...        M - amulet of regeneration
Stlth   +++          C - +5 ring of evasion
HPRegen 1.13/turn    y - ring of protection from fire
MPRegen 0.18/turn

%: repel missiles
@: grasped by roots, constricted, invisible, very quick
A: very small, no large weapons, unfitting armour, see invisible, speed 3
a: Renounce Religion, Heroism, Finesse, Duel


You were on level 14 of the Dungeon.
You worshipped Okawaru.
Okawaru was exalted by your worship.
You visited 4 branches of the dungeon, and saw 22 of its levels.
You also visited: Sewer and Bailey.

You collected 2374 gold pieces.
You spent 1871 gold pieces at shops.

Inventory:

Hand Weapons
 a - a +1 arbalest
 b - the +8 orcbow of Zeruih {freeze, rElec}
   (Okawaru gifted it to you on level 13 of the Dungeon)

   rElec:     It insulates you from electricity.
 S - a +2 orcbow of flaming (weapon)
Missiles
 e - 9 curare-tipped darts
 g - 7 poisoned darts
 p - 8 boomerangs
 A - a throwing net
 D - 4 boomerangs of dispersal
 N - 18 atropa-tipped darts
Armour
 r - a +2 cloak
 s - the scarf of the Iron City of Dis (worn) {repulsion, Str+2}
   (Okawaru gifted it to you on level 12 of the Dungeon)

   Str:       It affects your strength (+2).
 F - a +2 robe of willpower
 H - a +2 robe of fire resistance (worn)
 L - a +2 hat of stealth (worn)
Jewellery
 t - a ring of ice
 w - a ring of wizardry
 y - a ring of protection from fire (right hand)
 C - a +5 ring of evasion (left hand)
 M - an amulet of regeneration (around neck)
Wands
 c - a wand of flame (17)
 h - a wand of polymorph (7)
 x - a wand of roots (12)
 G - a wand of mindburst (6)
 O - a wand of acid (6)
Scrolls
 f - a scroll of identify
 i - 4 scrolls of immolation
 k - 2 scrolls of vulnerability
 l - 2 scrolls of poison
 m - 5 scrolls of fog
 v - a scroll of silence
 z - 5 scrolls of amnesia
 J - 6 scrolls of teleportation
 K - 2 scrolls of blinking
 U - a scroll of fear
Potions
 d - 2 potions of ambrosia
 j - 5 potions of might
 n - 6 potions of berserk rage
 o - 5 potions of brilliance
 u - 4 potions of haste
 B - a potion of magic
 P - a potion of enlightenment
 Q - a potion of resistance
 T - 4 potions of lignification
 Y - a potion of curing
Miscellaneous
 q - a lightning rod (4/4)
 I - a tin of tremorstones (2/2)
 R - a phial of floods


   Skills:
 - Level 10.0 Fighting
 - Level 18.0 Ranged Weapons
 - Level 5.0 Armour
 + Level 12.6 Dodging
 - Level 1.5 Stealth
 - Level 7.0 Hexes
 + Level 9.3 Invocations
 - Level 10.0 Evocations


You had 9 spell levels left.
You knew the following spells:

 Your Spells              Type           Power      Damage    Failure   Level
a - Cause Fear            Hex            8%         N/A       19%         4
b - Slow                  Hex            64%        N/A       1%          1

Your spell library contained the following spells:

 Spells                   Type           Power      Damage    Failure   Level
 Confusing Touch          Hex            16%        N/A       5%          3
 Dazzling Flash           Conj/Hex       16%        N/A       24%         3
 Necrotise                Necr           0%         1d4       32%         1
 Cigotuvi's Dreadful Rot  Necr/Pois/Air  0%         N/A       45%         2
 Poisonous Vapours        Pois/Air       0%         N/A       45%         2
 Sublimation of Blood     Necr           0%         N/A       45%         2
 Anguish                  Hex/Necr       4%         N/A       61%         4
 Mephitic Cloud           Conj/Pois/Air  0%         N/A       69%         3
 Vampiric Draining        Necr           0%         2d6       69%         3
 Volatile Blastmotes      Fire/Tloc      0%         2d10      69%         3
 Dispel Undead            Necr           0%         3d6       97%         4
 Iskenderun's Mystic Bla  Conj/Tloc      0%         2d3       97%         4
 Petrify                  Tmut/Erth      0%         N/A       97%         4
 Agony                    Necr           0%         N/A       100%        5
 Freezing Cloud           Conj/Ice/Air   0%         6-21      100%        5
 Irradiate                Conj/Tmut      0%         3d11      100%        5
 Starburst                Conj/Fire      0%         6d3       100%        6
 Enfeeble                 Hex            8%         N/A       100%        7
 Death Channel            Necr           Unusable   N/A       N/A         6

Dungeon Overview and Level Annotations

Branches:
Dungeon (14/15)            Temple (1/1) D:7            Lair (5/5) D:8
  Swamp (0/4) Lair:3       Spider (0/4) Lair:3        Slime (0/5) Lair:5
    Orc (2/2) D:11            Elf (0/3) Orc:2         Sewer (visited)
 Bailey (visited)
 Vaults: D:13-14

Altars:
Ashenzari
Cheibriados
Dithmenos
Elyvilon
Fedhas
Gozag
Hepliaklqana
Kikubaaqudgha
Makhleb
Nemelex Xobeh
Okawaru
Qazlal
Ru
Sif Muna
Trog
Uskayaw
Vehumet
Wu Jian
Xom
Yredelemnul
Zin
The Shining One
Jiyva

Shops:
D:3 (   D:8 :   D:9 :   Orc:1 ?   Orc:2 *[*:

Portals:
Abyss: D:7

Annotations:
D:6 2 transporters, ZoeForever1's ghost, novice DEAE
D:7 2 transporters, ZoeForever1's ghost, novice DEAE
D:14 Jorgrun
Orc:2 1 runed translucent door, exclusion: door, Strat's ghost, journeyman KoBr


Innate Abilities, Weirdness & Mutations

You are very small and have problems with some larger weapons.
You are too small for most types of armour.
You have supernaturally acute eyesight. (SInv)
You cover ground extremely quickly. (Speed+++)


Message History

The skeletal warrior hits you with a +0 long sword.
The skeletal warrior completely misses you.
As you read the scroll of teleportation, it crumbles to dust.
You feel strangely unstable.
The skeletal warrior hits you with a +0 flail!!
* * * LOW HITPOINT WARNING * * *
The skeletal warrior completely misses you.
The skeletal warrior closely misses you.
Okay, then.
Blink to where?
Press: ? - help, Dir - move target, p - skeletal warrior
As you read the scroll of blinking, it crumbles to dust.
Your surroundings suddenly seem different.
A wizard comes into view. It is wielding a +0 dagger.
Found a scroll of amnesia.
The wizard shouts!
Jorgrun shouts!
You are too injured to fight recklessly!
You are too injured to fight recklessly!
You are too injured to fight recklessly!
You shoot an arrow. The arrow barely misses the wizard.
You shoot an arrow. The arrow hits the wizard!
The arrow burns the wizard.
The wizard is heavily wounded.
The wizard completely misses you.
You shoot an arrow. The arrow hits the wizard!
The arrow burns the wizard.
You kill the wizard!
Okawaru accepts your kill.
Things that are here:
a +0 dagger; a +0 robe Jorgrun points at you and mumbles some strange words.
Roots burst forth from the earth!
The grasping roots grab you! The grasping roots constrict you!
* * * LOW HITPOINT WARNING * * *
Okay, then.
Press: ? - help, v - describe, . - travel
Here: Jorgrun, wielding a +0 heavy quarterstaff and wearing a +0 robe The floor.
You fade into invisibility!
The grasping roots constrict you!
You die...

#....
#...#
#...#
#.g.#
#.).#
#...+
#...#
#...#
+.@.#
#...#
....##
######


You could see Jorgrun (unable to see you).

Vanquished Creatures
  Gastronok (Lair:1)
  Nessos (Arena)
  An ettin (Orc:2)
  Josephine (Orc:2)
  3 hydras
  2 ogre magi (D:13)
  Erolcha (D:11)
  2 boulder beetles
  10 two-headed ogres
  7 centaur warriors
  A tengu warrior (D:13)
  Urug (Lair:5)
  An orc high priest (Bailey)
  Sonja (D:10)
  A deep elf knight (D:13)
  Nergalle (D:11)
  3 skysharks
  A skeletal warrior (D:13)
  11 slime creatures
  2 wizards
  5 orc knights
  5 ugly things
  4 manticores (D:13)
  7 black mambas
  3 cyclopes
  9 elephants (Lair:4)
  2 gargoyles
  An unseen horror (D:10)
  11 cane toads
  3 rime drakes
  8 komodo dragons
  A yaktaur (D:13)
  A kobold demonologist (Bailey)
  A tengu conjurer (D:13)
  5 trolls
  2 polar bears
  A tarantella (shapeshifter) (D:13)
  16 blink frogs
  4 tyrant leeches
  6 dream sheep (Lair:5)
  2 shadows (D:13)
  4 culicivoras (Lair:3)
  A vampire (D:13)
  4 jumping spiders (Lair:3)
  6 wraiths
  2 basilisks
  37 yaks
  A yak (shapeshifter) (D:13)
  3 wyverns
  Grum (D:11)
  10 vampire mosquitoes
  3 redbacks (Lair:3)
  Menkaure (D:5)
  Edmund (D:4)
  17 water moccasins
  Duvessa (D:7)
  2 ice beasts
  33 orc warriors
  5 ogres
  12 wolves
  31 centaurs
  A phantom (D:5)
  A kobold brigand (D:9)
  17 bullfrogs
  7 scorpions
  2 gnoll sergeants
  8 wights
  Dowan (D:7)
  9 electric eels
  8 howler monkeys
  10 orc priests
  2 gnoll boudas
  2 hounds (D:5)
  6 jellies
  Ijyb (D:5)
  Jessica (D:3)
  6 iguanas
  Terence (D:2)
  A sleepcap (D:5)
  12 orc wizards
  6 hell rats (Lair:5)
  22 gnolls
  5 adders
  A river rat (D:5)
  A shadow imp (D:5)
  2 white imps (D:7)
  An ufetubus (D:6)
  A worm (D:5)
  2 dart slugs
  61 orcs
  7 ball pythons
  4 bats
  4 endoplasms
  4 giant cockroaches
  18 goblins
  9 hobgoblins
  3 quokkas
  2 frilled lizards
  9 kobolds
  6 rats
588 creatures vanquished.

Notes
Turn   | Place    | Note
-------+----------+-------------------------------------------
     0 | D:1      | nicolae the Spriggan Hunter began the quest for the Orb.
     0 | D:1      | Reached XP level 1. HP: 10/10 MP: 2/2
    83 | D:1      | Reached XP level 2. HP: 14/14 MP: 3/3
   340 | D:2      | Reached skill level 5 in Ranged Weapons
   403 | D:2      | Reached XP level 3. HP: 18/18 MP: 4/4
   430 | D:2      | Identified the +7 spear of Qazlal's Whim {elec, MP+9}
   783 | D:2      | Noticed Terence
   801 | D:2      | Killed Terence
   802 | D:2      | Reached XP level 4. HP: 14/22 MP: 5/5
  1225 | D:3      | Reached skill level 6 in Ranged Weapons
  1564 | D:3      | Noticed an ice beast
  1589 | D:3      | Killed an ice beast
  1590 | D:3      | Reached skill level 7 in Ranged Weapons
  1590 | D:3      | Reached XP level 5. HP: 25/25 MP: 6/6
  1660 | D:3      | Noticed Jessica
  1663 | D:3      | Killed Jessica
  1664 | D:3      | Found Jenleats's Antique Weapon Boutique.
  1947 | D:4      | Noticed Edmund
  1984 | D:4      | Reached XP level 6. HP: 30/30 MP: 7/7
  1995 | D:4      | Killed Edmund
  2083 | D:4      | Reached skill level 8 in Ranged Weapons
  2144 | D:4      | Learned a level 4 spell: Cause Fear
  2271 | D:4      | Reached XP level 7. HP: 33/33 MP: 8/8
  2369 | D:4      | Reached skill level 9 in Ranged Weapons
  2825 | D:5      | Entered Level 5 of the Dungeon
  2933 | D:5      | Noticed Menkaure
  2944 | D:5      | Killed Menkaure
  2945 | D:5      | Reached skill level 10 in Ranged Weapons
  2994 | D:5      | Noticed Ijyb
  3006 | D:5      | Killed Ijyb
  3007 | D:5      | Reached XP level 8. HP: 22/37 MP: 9/9
  3034 | D:5      | Found a glowing golden altar of the Shining One.
  3435 | D:5      | Found a sparkling altar of Nemelex Xobeh.
  3501 | D:5      | Reached skill level 11 in Ranged Weapons
  3797 | D:5      | Found a glowing drain.
  3806 | Sewer    | Entered a sewer
  4358 | D:6      | Reached skill level 12 in Ranged Weapons
  4531 | D:6      | Found a transporter.
  4531 | D:6      | Found a transporter.
  4532 | D:6      | Noticed ZoeForever1's ghost (novice DEAE)
  4533 | D:6      | Identified the +7 giant club of the Bashing Coward {elec,
                  | rElec Str+6}
  4533 | D:6      | Identified the +8 dire flail of the Eleven Curses {protect,
                  | rPois rF- Dex+2}
  4533 | D:6      | Noticed a two-headed ogre
  4817 | D:7      | Reached XP level 9. HP: 30/41 MP: 10/10
  4902 | D:7      | Found a transporter.
  4910 | D:7      | Found a staircase to the Ecumenical Temple.
  4919 | Temple   | Entered the Ecumenical Temple
  5396 | D:7      | Found an iron altar of Okawaru.
  5400 | D:7      | Became a worshipper of Warmaster Okawaru
  5446 | D:7      | Noticed Duvessa
  5456 | D:7      | Killed Duvessa
  5457 | D:7      | Reached skill level 13 in Ranged Weapons
  5500 | D:7      | Noticed a red ugly thing
  5519 | D:7      | Found a one-way gate to the infinite horrors of the Abyss.
  5538 | D:7      | Noticed ZoeForever1's ghost (novice DEAE)
  5674 | D:7      | Found a transporter.
  6154 | D:7      | Noticed Dowan
  6165 | D:7      | Killed Dowan
  6165 | D:7      | Reached * piety under Okawaru
  6288 | D:8      | Reached skill level 14 in Ranged Weapons
  6306 | D:8      | Found a shadowy altar of Dithmenos.
  6312 | D:8      | Found a stormy altar of Qazlal.
  6329 | D:8      | Found Veaq's Vocational Training.
  6429 | D:8      | Reached skill level 5 in Dodging
  6566 | D:8      | Found a staircase to the Lair.
  6647 | D:8      | Reached ** piety under Okawaru
  6684 | D:8      | Identified the +0 mace "Ril Bor" {heavy, Int+5}
  6706 | D:8      | Reached XP level 10. HP: 46/46 MP: 11/11
  6857 | D:9      | Found a flagged portal.
  6900 | D:9      | Identified the +8 long sword of Eternity {antimagic, rF+}
  6913 | Bailey   | Entered a bailey
  7101 | Bailey   | Noticed an orc high priest
  7400 | Bailey   | Killed an orc high priest
  7400 | Bailey   | Reached *** piety under Okawaru
  7401 | Bailey   | Reached skill level 10 in Dodging
  7718 | Bailey   | Acquired an amulet of regeneration
  7937 | Bailey   | Found an iron altar of Okawaru.
  7937 | Bailey   | Noticed an orc knight
  7976 | Bailey   | Killed an orc knight
  8019 | Bailey   | Reached skill level 5 in Fighting
  8277 | D:9      | Reached **** piety under Okawaru
  8311 | D:9      | Found Mausat's Book Shop.
  8425 | D:9      | Noticed a two-headed ogre
  8796 | D:9      | Killed a two-headed ogre
  8797 | D:9      | Reached XP level 11. HP: 58/58 MP: 12/12
  8817 | D:10     | Entered Level 10 of the Dungeon
  9356 | D:11     | Noticed Sonja
  9393 | D:11     | Noticed a two-headed ogre
  9393 | D:11     | Noticed a brown ugly thing
  9453 | D:11     | Noticed a two-headed ogre
  9616 | D:11     | Found a staircase to the Orcish Mines.
  9738 | D:10     | Killed a two-headed ogre
  9738 | D:10     | Reached ***** piety under Okawaru
  9802 | D:10     | Killed Sonja
  9952 | D:11     | Noticed Grum
  9972 | D:11     | Killed Grum
 10038 | D:11     | Noticed a two-headed ogre
 10059 | D:11     | Noticed Erolcha
 10099 | D:11     | Killed Erolcha
 10157 | D:11     | Killed a two-headed ogre
 10233 | D:11     | Killed a two-headed ogre
 10268 | D:11     | Noticed Nergalle
 10303 | D:11     | Killed Nergalle
 10430 | D:11     | Noticed a two-headed ogre
 10463 | D:11     | Killed a two-headed ogre
 10464 | D:11     | Reached skill level 10 in Fighting
 10464 | D:11     | Reached skill level 1 in Hexes
 10466 | D:11     | Learned a level 1 spell: Slow
 10531 | D:11     | Killed a brown ugly thing
 11001 | D:11     | Noticed a two-headed ogre
 11062 | D:11     | Killed a two-headed ogre
 11386 | Lair:1   | Entered Level 1 of the Lair of Beasts
 11392 | Lair:1   | Received a gift from Okawaru
 11393 | Lair:1   | Reached skill level 5 in Hexes
 11393 | Lair:1   | Reached skill level 1 in Evocations
 11393 | Lair:1   | Reached XP level 12. HP: 67/67 MP: 13/13
 11450 | Lair:1   | Reached skill level 1 in Invocations
 11751 | Lair:1   | Noticed Gastronok
 11794 | Lair:1   | Reached ****** piety under Okawaru
 11807 | Lair:1   | Killed Gastronok
 12344 | Lair:2   | Reached skill level 5 in Evocations
 12594 | Lair:2   | Reached skill level 5 in Invocations
 13060 | Lair:2   | Found a shimmering altar of Xom.
 13694 | Lair:3   | Identified the +1 animal skin of the Original Sin {Will+}
                  | (Okawaru gifted it to you on level 3 of the Lair of Beasts)
 13694 | Lair:3   | Received a gift from Okawaru
 13965 | Lair:3   | Found a staircase to the Swamp.
 14265 | Lair:3   | Found a hole to the Spider Nest.
 14305 | Lair:3   | Reached XP level 13. HP: 72/72 MP: 19/19
 14749 | Lair:3   | Reached skill level 10 in Evocations
 14917 | Lair:4   | Reached skill level 1 in Armour
 15690 | Arena    | Entered the Arena
 16198 | Lair:5   | Entered Level 5 of the Lair of Beasts
 16302 | Lair:5   | Received a gift from Okawaru
 16573 | Lair:5   | Reached skill level 5 in Armour
 16691 | Lair:5   | Found a viscous altar of Jiyva.
 16691 | Lair:5   | Found a staircase to the Slime Pits.
 16900 | Lair:4   | Reached skill level 15 in Ranged Weapons
 17409 | Lair:5   | Identified the +0 robe of Xunuegus {Will++}
 17462 | Lair:5   | Noticed Urug
 17488 | Lair:5   | Killed Urug
 17803 | D:12     | Reached XP level 14. HP: 77/77 MP: 20/20
 17833 | D:12     | Reached skill level 16 in Ranged Weapons
 17980 | D:12     | Identified the scarf of the Iron City of Dis {repulsion,
                  | Str+2} (Okawaru gifted it to you on level 12 of the
                  | Dungeon)
 17980 | D:12     | Received a gift from Okawaru
 18099 | D:12     | Noticed Nessos
 18113 | Arena    | Entered the Arena
 18121 | Arena    | Killed Nessos
 18764 | Orc:1    | Entered Level 1 of the Orcish Mines
 18765 | Orc:1    | Found Udghang's Magic Scroll Shoppe.
 18961 | Orc:1    | Bought a scroll of brand weapon for 161 gold pieces
 18961 | Orc:1    | Bought a scroll of teleportation for 51 gold pieces
 18961 | Orc:1    | Bought a scroll of teleportation for 51 gold pieces
 18961 | Orc:1    | Bought a scroll of blinking for 127 gold pieces
 19246 | Orc:2    | Entered Level 2 of the Orcish Mines
 19950 | Orc:2    | Noticed Josephine
 19967 | Orc:2    | Killed Josephine
 20073 | Orc:2    | Found a staircase to the Elven Halls.
 20199 | Orc:2    | Found a runed translucent door.
 20200 | Orc:2    | Noticed Strat's ghost (journeyman KoBr)
 20262 | Orc:2    | Found Ylycag's Antique Armour Shoppe.
 20262 | Orc:2    | Found Getypodd's General Store.
 20264 | Orc:2    | Found Miug's Book Shop.
 20266 | Orc:2    | Found Vomimp's Assorted Antiques.
 20275 | Orc:2    | Bought a potion of invisibility for 112 gold pieces
 20275 | Orc:2    | Bought a scroll of blinking for 105 gold pieces
 20275 | Orc:2    | Bought a scroll of fear for 56 gold pieces
 20276 | Orc:2    | Bought a fabulously ornate robe for 171 gold pieces
 20276 | Orc:2    | Identified the +1 robe of Wicked Surprise {Int+2} (You
                  | bought it in a shop on level 2 of the Orcish Mines)
 20278 | Orc:2    | Bought a translucent sapphire amulet for 170 gold pieces
 20278 | Orc:2    | Identified the amulet "Tearraguli" {Reflect Harm rF+ Int-5
                  | SH+5} (You bought it in a shop on level 2 of the Orcish
                  | Mines)
 20278 | Orc:2    | Bought a scroll of enchant weapon for 255 gold pieces
 20278 | Orc:2    | Bought a potion of curing for 102 gold pieces
 20278 | Orc:2    | Bought a scroll of enchant armour for 255 gold pieces
 20278 | Orc:2    | Bought a glowing cloak for 255 gold pieces
 21695 | D:13     | Reached skill level 17 in Ranged Weapons
 22209 | D:13     | Identified the +8 orcbow of Zeruih {freeze, rElec} (Okawaru
                  | gifted it to you on level 13 of the Dungeon)
 22209 | D:13     | Received a gift from Okawaru
 22285 | D:13     | Reached XP level 15. HP: 80/80 MP: 22/22
 22291 | D:13     | Reached skill level 18 in Ranged Weapons
 22444 | D:14     | Noticed Jorgrun
 22742 | D:14     | Constricted to death by Jorgrun

Illustrated notes

Levels and vault maps discovered:
D:1:      dreamdust_arrival_beginning_and_end, layout_rooms
D:2:      layout_basic, uniq_terence
D:3:      layout_loops_ring, serial_shops, shop, uniq_jessica
D:4:      layout_loops_ring, uniq_edmund
D:5:      layout_basic, lemuel_tele_altar, mainiacjoe_overflow_alcove_1,
          portal_sewer_entry_e, uniq_ijyb, uniq_menkaure
D:6:      layout_cave_pools, gammafunk_ghost_smash
D:7:      layout_basic, lemuel_doored_altar, minmay_temple_entry_junction,
          gammafunk_ghost_abyssal_escape, uniq_duvessa
D:8:      layout_basic, mainiacjoe_overflow_catch_the_wave, lair_entry_dummy,
          nicolae_shop_vocational
D:9:      layout_basic, enter_bailey_5, nicolae_wooded_promenade, st_stairs_9
D:10:     layout_loops_ring
D:11:     layout_roguey, david_orc_3, nicolae_figureground_pulse, uniq_nergalle,
          uniq_grum, uniq_erolcha, uniq_sonja
D:12:     layout_small_grid, solitary_fountain, uniq_nessos
D:13:     minmay_the_grid_3x3 [minmay_the_grid_minigrid_medium,
          minmay_the_grid_box_x, minmay_the_grid_spikes,
          minmay_the_grid_stretched_grid, minmay_the_grid_aliased_spiral,
          minmay_the_grid_mess, minmay_the_grid_odd_star, minmay_the_grid_tree,
          minmay_the_grid_prize_inner_circle], layout_basic
D:14:     layout_basic, david_vaults_1, grunt_decor_arrowhead,
          nicolae_qazlal_eye_of_the_storm, uniq_jorgrun
Temple:   minmay_crystal_spiral_temple
Lair:1:   layout_misc_corridors, serial_forest, infiniplex_forest_end_1,
          infiniplex_forest_clump_curved, infiniplex_forest_clump_diagonal,
          infiniplex_forest_lined_3, infiniplex_forest_straight_2,
          infiniplex_forest_clump_curved, lemuel_fruit_fields,
          infiniplex_staircase_pool_2, uniq_gastronok
Lair:2:   layout_gridlike, basic_altar, beast_lair_carwin_4, lemuel_fruit_tree,
          serial_bayou_shore_b
Lair:3:   layout_roguey, minmay_swamp_entry_worms,
          nicolae_spider_entry_tight_spaces
Lair:4:   layout_gridlike, serial_bayou_shore_a
Lair:5:   minmay_lair_end_frog_pond, layout_regular_city, slime_entry_1,
          uniq_urug
Orc:1:    layout_caves, serial_shops, shop, abandoned_shop
Orc:2:    st_orc_rangers, layout_caves, ebering_ghost_inner_flame,
          uniq_josephine

Skill      XL: |  1  2  3  4  5  6  7  8  9 10 11 12 13 14 15 |
---------------+----------------------------------------------+-----
Ranged Weapons | 5 7 8 10 12 14 15 17 18 | 18.0
Dodging        | 7 10 12 | 12.6
Fighting       | 6 10 | 10.0
Hexes          | 5 7 |  7.0
Evocations     | 1 9 10 | 10.0
Invocations    | 6 7 8 9 |  9.3
Armour         | 5 |  5.0
Stealth        | |  1.5

Action                     |  1- 3 |  4- 6 |  7- 9 | 10-12 | 13-15 || total
---------------------------+-------+-------+-------+-------+-------++-------
   Fire: Shortbow          |    30 |       |       |       |       ||    30
         Sling             |    30 |   115 |   405 |   915 |       ||  1465
         Orcbow            |       |       |       |   275 |  1496 ||  1771
         Arbalest          |       |       |       |       |    55 ||    55
 Invoke: Heroism           |       |       |       |     3 |     4 ||     7
         Finesse           |       |       |       |     2 |     1 ||     3
         Duel              |       |       |       |       |     2 ||     2
  Evoke: Wand              |       |       |     1 |     8 |     3 ||    12
         Phial of floods   |       |       |       |       |     1 ||     1
    Use: Scroll            |       |     2 |     5 |    22 |    14 ||    43
         Potion            |       |     1 |     8 |     7 |     6 ||    22
 Armour: Robe              |       |       |     5 |    30 |    25 ||    60
         Skin              |       |       |     8 |       |       ||     8
  Dodge: Dodged            |     1 |    12 |    77 |   490 |   681 ||  1261
         Repelled          |       |       |       |       |     1 ||     1

Table legend: (Time is in decaauts)
 A = Elapsed time spent in this place.
 B = Non-inter-level travel time spent in this place.
 C = Inter-level travel time spent in this place.
 D = Time resting spent in this place.
 E = Time spent auto-exploring this place.
 F = Levels seen in this place.
 G = Mean time per level.
                   A        B        C        D        E       F      G
               +--------+--------+--------+--------+--------+-----+--------+
         Total |  15609 |  14341 |   1268 |   1735 |   6479 |  26 |  600.3 |
       Dungeon |   8871 |   8080 |    791 |    912 |   4311 |  14 |  633.6 |
        Temple |    127 |     78 |     49 |      0 |     67 |   1 |  127.0 |
          Lair |   4269 |   3898 |    371 |    313 |   1669 |   5 |  853.8 |
  Orcish Mines |   1101 |   1046 |     55 |     28 |    265 |   2 |  550.5 |
         Sewer |    175 |    175 |      0 |    104 |     26 |   1 |  175.0 |
        Bailey |   1008 |   1008 |      0 |    344 |    139 |   1 | 1008.0 |
         Arena |     54 |     54 |      0 |     32 |      0 |   2 |   27.0 |
               +--------+--------+--------+--------+--------+-----+--------+

Top non-repeatable levels by time:
    D:11: 1185 daAuts
    D:13: 1175 daAuts
  Lair:3: 1098 daAuts
  Bailey: 1008 daAuts
     D:7: 937 daAuts
  Lair:4: 920 daAuts
  Lair:5: 849 daAuts
     D:5: 819 daAuts
   Orc:2: 764 daAuts
    D:10: 734 daAuts
  Lair:1: 708 daAuts
  Lair:2: 691 daAuts
    D:12: 680 daAuts
     D:4: 672 daAuts
     D:2: 551 daAuts
